Map: Omicron

Players

Grumm - Winner!

  • Race: Terran Terran
  • League: Gold
  • Spawn Location: 1:00

NepGear - Winner!

  • Race: Terran Terran
  • League: Silver
  • Spawn Location: 3:00

Jarret

  • Race: Zerg Zerg
  • League: Gold
  • Spawn Location: 7:00

GUERRERO

  • Race: Zerg Zerg
  • League: Gold
  • Spawn Location: 9:00

VOD

Have the link to the VOD?

Description

Time

  • Played on: Feb. 4, 2016, 5:54 p.m.
  • Length: 9:17
Show
View Real Time Build Order
Export as new Build Order

Grumm Terran - Winner!

Build Orders: Liberator Opening 

Get SALT Encoding   

  12  0:02  SCV  
  13  0:14  SCV  
  14  0:22  Supply Depot  
  14  0:27  SCV  
  15  0:30  Refinery  
  15  0:37  Refinery  
  15  0:50  Barracks  
  15  0:53  SCV  
  16  1:05  Supply Depot  
  16  1:09  SCV  
  17  1:22  SCV  
  18  1:34  SCV  
  19  1:45  Factory  
  19  1:46  SCV  
  20  1:48  Reaper  
  21  1:58  SCV  
  22  2:10  SCV  
  23  2:23  Orbital Command  
  23  2:32  Supply Depot  
  23  2:37  Factory Tech Lab  
  23  2:39  Starport, Barracks Tech Lab  
  23  2:47  Starport  
  23  3:09  SCV  
  23  3:18  Liberator  
  23  3:25  Engineering Bay  
  23  3:29  Cloaking Field  
  23  3:31  Banshee  
  23  3:33  Barracks Reactor  
  29  3:53  SCV  
  30  4:00  Factory Reactor  
  30  4:05  Liberator  
  30  4:14  Banshee, Command Center  
  36  4:30  Supply Depot  
  36  4:52  Supply Depot  
  36  5:03  Widow Mine  
  38  5:45  Fusion Core  
  35  6:01  Banshee  
  35  6:02  Banshee  
  41  6:16  Starport  
  41  6:17  Widow Mine x2  
  45  6:29  Refinery  
  45  6:30  Supply Depot  
  45  6:32  Supply Depot  
  45  6:34  Refinery  
  45  6:38  Orbital Command  
  45  7:10  Starport Tech Lab  
  45  7:12  Battlecruiser  
  51  7:18  Missile Turret  
  51  7:25  SCV x2  
  53  7:37  SCV x2  
Show
View Real Time Build Order
Export as new Build Order

NepGear Terran - Winner!

Build Orders: MMM Bio 

Get SALT Encoding   

  12  0:09  SCV  
  13  0:25  SCV  
  14  0:35  Supply Depot  
  14  0:48  SCV  
  15  0:58  Supply Depot  
  15  0:59  Barracks  
  15  1:06  Barracks  
  15  1:13  SCV  
  15  1:15  Refinery  
  16  1:26  Barracks  
  16  1:27  SCV  
  17  1:39  SCV  
  18  1:46  Marine  
  19  1:53  Marine  
  20  1:55  Orbital Command  
  20  2:06  Marine  
  21  2:12  Marine  
  21  2:13  Marine  
  23  2:23  Barracks  
  23  2:25  Marine  
  24  2:31  Marine  
  24  2:32  Marine  
  26  2:38  Refinery  
  26  2:39  SCV  
  27  2:47  Marine  
  27  2:50  Marine x2  
  30  2:52  SCV  
  31  3:19  Supply Depot  
  31  3:20  Supply Depot  
  31  3:23  Barracks Tech Lab x2  
  31  3:24  Barracks Reactor  
  31  3:25  Factory  
  31  3:34  Barracks Reactor  
  29  4:09  Marine x2  
  29  4:11  Marauder x2, Stimpack  
  29  4:12  Concussive Shells  
  29  4:13  Factory Tech Lab  
  26  4:18  Marine x2  
  28  4:33  Marine x2  
  30  4:41  Marine  
  30  4:42  Marauder, Marine  
  30  4:43  Marauder  
  36  5:04  Marine x3  
  36  5:05  Marine  
  32  5:11  Marauder x2  
  32  5:12  Siege Tank  
  37  5:23  Marine x2  
  37  5:24  Marine x2  
  41  5:31  Supply Depot  
  41  5:32  Supply Depot  
  41  5:33  Marauder  
  41  5:34  Marauder  
  45  5:48  Marine x2  
  47  5:52  SCV  
  48  6:00  Siege Tank  
  48  6:02  Marine x2  
  53  6:08  Marine x2  
  53  6:09  Combat Shields  
  55  6:24  Marine  
  55  6:25  Marine  
  59  6:26  Marauder x2  
  61  6:53  Command Center  
  45  7:45  Siege Tank  
  46  7:53  Marine x2  
  46  7:54  Marine x2  
  50  8:00  Marauder x2  
  50  8:16  Marine  
  50  8:17  Marine x3  
  54  8:21  Marauder x2  
Show
View Real Time Build Order
Export as new Build Order

Jarret Zerg 

Build Orders: Hatch First 

Get SALT Encoding   

  12  0:01  Drone  
  13  0:08  Drone  
  14  0:19  Overlord  
  14  0:24  Drone, Extractor  
  15  0:48  Hatchery  
  14  0:51  Drone  
  14  0:54  Drone  
  16  0:58  Extractor  
  16  0:59  Drone  
  16  1:16  Spawning Pool  
  16  1:17  Drone  
  16  1:23  Drone  
  16  1:25  Drone  
  18  1:37  Drone  
  19  1:45  Overlord  
  19  1:54  Extractor  
  19  2:01  Drone  
  19  2:02  Queen  
  19  2:03  Queen  
  19  2:07  Drone  
  24  2:17  Drone  
  24  2:19  Drone x2  
  27  2:30  Drone  
  27  2:34  Drone  
  29  2:37  Drone  
  29  2:39  Queen  
  32  2:47  Zergling x2, Metabolic Boost  
  32  2:50  Drone  
  34  3:02  Drone x2  
  36  3:12  Overlord x3  
  36  3:28  Lair  
  36  3:31  Zergling x4  
  36  3:32  Zergling x2  
  36  3:33  Zergling x2  
  36  3:34  Zergling x4  
  41  3:35  Zergling x2  
  42  3:52  Zergling x8  
  42  3:53  Zergling x2  
  47  4:01  Zergling x8  
  47  4:17  Zergling x2  
  47  4:18  Zergling x4  
  47  4:21  Spore Crawler x2  
  48  4:39  Spore Crawler  
  34  5:11  Drone x2  
  34  5:12  Drone x3  
  39  5:16  Spore Crawler  
  39  5:17  Spore Crawler  
  31  5:51  Drone x4  
  31  5:52  Drone  
  36  6:08  Drone  
  36  6:09  Baneling Nest  
  36  6:11  Evolution Chamber  
  36  6:12  Drone x5  
  36  6:13  Evolution Chamber  
  39  6:23  Drone x2  
  39  6:24  Drone x3  
  44  6:30  Drone x2  
  44  6:32  Extractor  
  45  6:33  Extractor  
  44  6:52  Hatchery, Centrifical Hooks  
  43  6:57  Baneling  
  43  6:58  Baneling x14  
  43  7:00  Zergling x2  
  44  7:03  Zergling x4  
  46  7:40  Hydralisk Den  
  45  7:49  Zergling x2  
  45  7:50  Zergling x10  
  51  7:52  Zergling x2  
  47  8:14  Hydralisk x3  
  47  8:15  Hydralisk  
  47  8:19  Zergling x2, Hydralisk x2  
Show
View Real Time Build Order
Export as new Build Order

GUERRERO Zerg 

Build Orders: Pool First 

Get SALT Encoding   

  12  0:02  Drone  
  13  0:09  Drone  
  14  0:20  Extractor  
  14  0:21  Drone  
  14  0:22  Extractor  
  14  0:23  Drone  
  15  0:29  Overlord  
  15  0:48  Spawning Pool  
  14  0:53  Drone x2  
  16  1:06  Drone  
  17  1:21  Drone x2  
  19  1:34  Metabolic Boost  
  19  1:36  Queen  
  19  1:38  Zergling x2  
  22  1:48  Overlord  
  22  2:05  Hatchery  
  21  2:10  Drone  
  21  2:12  Queen  
  24  2:25  Zergling x2  
  24  2:26  Zergling x4  
  27  2:37  Drone, Roach Warren  
  27  2:50  Drone x3  
  30  3:09  Extractor  
  29  3:16  Drone  
  29  3:17  Drone x2  
  33  3:20  Drone  
  33  3:34  Zergling x4  
  32  3:49  Zergling x8  
  35  4:01  Zergling x2, Roach  
  35  4:02  Roach  
  32  4:07  Zergling x2  
  33  4:10  Queen  
  33  4:16  Lair  
  35  4:22  Drone  
  35  4:23  Baneling Nest  
  35  4:25  Overlord x2  
  35  4:30  Drone  
  35  4:55  Spore Crawler  
  35  4:58  Spore Crawler  
  33  5:03  Spore Crawler  
  30  5:10  Spore Crawler x2, Roach x3  
  34  5:16  Spore Crawler  
  33  5:38  Drone x3  
  33  5:39  Drone  
  37  5:49  Drone x2  
  39  5:59  Queen  
  41  6:07  Drone x2  
  41  6:11  Baneling  
  43  6:14  Baneling x3  
  43  6:17  Drone x2  
  45  6:24  Drone x3  
  48  6:28  Glial Reconstitution  
  48  6:35  Drone x3  
  51  6:44  Drone  
  51  6:46  Overlord  
  51  6:47  Overlord  
  43  7:02  Zergling x8  
  40  7:08  Roach  
  40  7:09  Roach  
  40  7:14  Queen  
  42  7:16  Roach x3  
  48  7:34  Zergling x6  
  48  7:36  Baneling x3  
  48  7:37  Baneling x2  
  39  8:22  Overlord x5  
Tags
 
Add a new tag
Caveats
  • Supply blocks, unpowered buildings, or Contaminate may cause inaccurate times.
  • Supply counts are checked every 10 seconds.